| TOP OF THE 1ST |
|
San Diego Padres batting - Pitching for Miami Marlins : RHP Raúl Rosas
|
|
Pitching: RHP Raúl Rosas
|
|
|
Batting: RHB Michael Choice
|
0-0: Ball 1-0: Foul Ball, location: 3F 1-1: Ball 2-1: Called Strike 2-2: Ball 3-2: Strikes out swinging
|
|
Batting: LHB Jeff Young
|
0-0: Ball 1-0: Ball 2-0: Swinging Strike 2-1: Called Strike 2-2: Foul Ball, location: 7LMF 2-2: Ball 3-2: Strikes out looking
|
|
Batting: LHB Jamal Underwood
|
0-0: Called Strike 0-1: Ball 1-1: Ball 2-1: Foul Ball, location: 7LSF 2-2: SOLO HOME RUN (Flyball, 7D, EV 96.9 MPH), Distance : 376 ft
|
|
Batting: SHB Tim McDaniel
|
0-0: Called Strike 0-1: Ball 1-1: Foul Ball, location: 2F 1-2: Foul Ball, location: 2F 1-2: SINGLE (Line Drive, 9S, EV 98.8 MPH)
|
|
Batting: RHB Greg Nelson
|
0-0: Foul Ball, location: 3F 0-1: Ball 1-1: Foul Ball, location: 2F 1-2: Hit by Pitch Tim McDaniel to second
|
|
Batting: LHB Jonathan Arauz
|
0-0: Ball 1-0: Foul Ball, location: 9LSF 1-1: Ball 2-1: Ball 3-1: Base on Balls Tim McDaniel to third Greg Nelson to second
|
|
Batting: RHB Shawn Grimes
|
0-0: Foul Ball, location: 5F 0-1: Foul Ball, location: 3SF 0-2: DOUBLE (Line Drive, 89D, EV 101.9 MPH) Tim McDaniel scores Greg Nelson scores Jonathan Arauz to third Runner from 3rd tries for Home, SAFE, no throw by CF
|
|
Batting: RHB Jorge Gordon
|
0-0: Swinging Strike 0-1: Ground out 4-3 (Groundball, 4, EV 106.3 MPH)
|
| Top of the 1st over - 4 runs, 3 hits, 0 errors, 1 left on base; San Diego 4 - Miami 0 |
| BOTTOM OF THE 1ST |
|
Miami Marlins batting - Pitching for San Diego Padres : RHP Ben Burke
|
|
Pitching: RHP Ben Burke
|
|
|
Batting: RHB Edgardo Franco
|
0-0: Called Strike 0-1: Fly out, F8 (Flyball, 89XD, EV 102.5 MPH)
|
|
Batting: RHB Kurt Daniel
|
0-0: Ball 1-0: Foul Ball, location: 2F 1-1: Foul Ball, location: 23F 1-2: Foul Ball, location: 5F 1-2: SINGLE (Line Drive, 78S, EV 97.5 MPH)
|
|
Batting: LHB Alan O'Keefe
|
0-0: Called Strike 0-1: Swinging Strike 0-2: Ball 1-2: Fly out, F8 (Flyball, 8LD, EV 95.0 MPH)
|
|
Batting: RHB Sam Jones
|
0-0: Ball 1-0: Foul Ball, location: 2LF 1-1: Ball 2-1: Swinging Strike 2-2: Ground out 4-3 (Groundball, 4, EV 83.8 MPH)
|
| Bottom of the 1st over - 0 runs, 1 hit, 0 errors, 1 left on base; San Diego 4 - Miami 0 |
| TOP OF THE 2ND |
|
San Diego Padres batting - Pitching for Miami Marlins : RHP Raúl Rosas
|
|
Batting: RHB Steve Farrar
|
0-0: Called Strike 0-1: Ball 1-1: Ground out 3-1 (Groundball, 34S, EV 94.4 MPH)
|
|
Batting: RHB Michael Choice
|
0-0: Ball 1-0: Swinging Strike 1-1: Called Strike 1-2: Ball 2-2: Ball 3-2: Base on Balls
|
|
Batting: LHB Jeff Young
|
0-0: Fly out, F5 (Line Drive, 5D, EV 65.6 MPH)
|
|
Batting: LHB Jamal Underwood
|
0-0: Ball 1-0: Ball 2-0: Called Strike 2-1: DOUBLE (Flyball, 78XD, EV 103.1 MPH) Michael Choice to third Runner from 3rd tries for Home, SAFE, throw by CF to trailing runner, OUT at third! 8-3-5
|
| Top of the 2nd over - 1 run, 1 hit, 0 errors, 0 left on base; San Diego 5 - Miami 0 |
| BOTTOM OF THE 2ND |
|
Miami Marlins batting - Pitching for San Diego Padres : RHP Ben Burke
|
|
Batting: LHB Daryl Hatfield
|
0-0: SINGLE (Groundball, 4M, EV 96.9 MPH)
|
|
Batting: SHB Bob MacKerchar
|
0-0: Called Strike 0-1: Ball 1-1: Ball 2-1: Foul Ball, location: 3FF 2-2: Ball 3-2: Fielders Choice at 2nd, 4-6 (Groundball, 4S, EV 81.3 MPH)
|
|
Batting: RHB Milton Ramos
|
0-0: Ball 1-0: Ball 2-0: Foul Ball, location: 9LDF 2-1: Swinging Strike 2-2: DOUBLE (Flyball, 78D, EV 105.6 MPH) Bob MacKerchar to third Runner from 3rd tries for Home, SAFE, throw by LF to trailing runner, OUT at third! 7-3-5
|
|
Batting: RHB Dusty Lawrence
|
0-0: Ball 1-0: Ball 2-0: Fly out, F8 (Flyball, 8LD, EV 85.6 MPH)
|
| Bottom of the 2nd over - 1 run, 2 hits, 0 errors, 0 left on base; San Diego 5 - Miami 1 |
| TOP OF THE 3RD |
|
San Diego Padres batting - Pitching for Miami Marlins : RHP Raúl Rosas
|
|
Pitching: LHP Travis Radke
|
|
|
Batting: SHB Tim McDaniel
|
0-0: Called Strike 0-1: Swinging Strike 0-2: Ball 1-2: Ball 2-2: Ball 3-2: SINGLE (Groundball, 4MD, EV 102.5 MPH) (infield hit)
|
|
Batting: RHB Greg Nelson
|
0-0: Called Strike 0-1: Ball 1-1: Ball 2-1: DOUBLE (Flyball, 78XD, EV 95.0 MPH) Tim McDaniel to third
|
|
Batting: LHB Jonathan Arauz
|
0-0: Called Strike 0-1: Swinging Strike 0-2: Ball 1-2: Foul Ball, location: 2F 1-2: Foul Ball, location: 7LSF 1-2: Foul Ball, location: 7LSF 1-2: Strikes out swinging
|
|
Batting: RHB Shawn Grimes
|
0-0: Ball 1-0: Ball 2-0: Ball 3-0: Base on Balls
|
|
Batting: RHB Jorge Gordon
|
0-0: Ball 1-0: Called Strike 1-1: SINGLE (Line Drive, 78M, EV 101.9 MPH) Tim McDaniel scores Greg Nelson to third Shawn Grimes to second
|
|
Batting: RHB Steve Farrar
|
0-0: Called Strike 0-1: Ball 1-1: Ball 2-1: Fly out, F7 (Flyball, 78S, EV 88.8 MPH)
|
|
Batting: RHB Michael Choice
|
0-0: Called Strike 0-1: Foul Ball, location: 2F 0-2: Ball 1-2: Ball 2-2: Foul Ball, location: 23F 2-2: Ball 3-2: Foul Ball, location: 2F 3-2: Foul Ball, location: 9LSF 3-2: Foul Ball, location: 9LSF 3-2: DOUBLE (Flyball, 78D, EV 92.5 MPH) Greg Nelson scores Shawn Grimes scores Jorge Gordon to third Jorge Gordon scores
|
|
Pitching: RHP Dan Reynolds
|
|
|
Batting: LHB Jeff Young
|
0-0: Ball 1-0: Ground out 4-3 (Groundball, 4, EV 104.4 MPH)
|
| Top of the 3rd over - 4 runs, 4 hits, 0 errors, 1 left on base; San Diego 9 - Miami 1 |
| BOTTOM OF THE 3RD |
|
Miami Marlins batting - Pitching for San Diego Padres : RHP Ben Burke
|
|
Batting: RHB Rainis Silva
|
0-0: Foul Ball, location: 2F 0-1: Called Strike 0-2: Ball 1-2: Ground out 4-3 (Groundball, 4, EV 100.6 MPH)
|
|
Batting: RHB Edgardo Franco
|
0-0: Called Strike 0-1: Ball 1-1: Ball 2-1: Called Strike 2-2: Foul Ball, location: 2F 2-2: Foul Ball, location: 3FF 2-2: Ground out 5-3 (Groundball, 15, EV 86.9 MPH)
|
|
Batting: RHB Kurt Daniel
|
0-0: Ball 1-0: Ball 2-0: Ball 3-0: Base on Balls
|
|
Batting: LHB Alan O'Keefe
|
0-0: Swinging Strike 0-1: Ball 1-1: SINGLE (Line Drive, 7LS, EV 105.0 MPH) Kurt Daniel to second
|
|
Batting: RHB Sam Jones
|
0-0: Called Strike 0-1: Foul Ball, location: 3DF 0-2: Strikes out swinging
|
| Bottom of the 3rd over - 0 runs, 1 hit, 0 errors, 2 left on base; San Diego 9 - Miami 1 |
| TOP OF THE 4TH |
|
San Diego Padres batting - Pitching for Miami Marlins : RHP Dan Reynolds
|
|
Batting: LHB Jamal Underwood
|
0-0: Ball 1-0: Called Strike 1-1: Called Strike 1-2: Ball 2-2: Foul Ball, location: 7LDF 2-2: Foul Ball, location: 2F 2-2: Foul Ball, location: 7LSF 2-2: Ball 3-2: Foul Ball, location: 23FF 3-2: Base on Balls
|
|
Batting: SHB Tim McDaniel
|
0-0: Ball 1-0: Ball 2-0: Foul Ball, location: 2F 2-1: Swinging Strike 2-2: Fielders Choice at 2nd, 3-6 (Groundball, 34, EV 82.5 MPH)
|
|
Batting: RHB Greg Nelson
|
0-0: Foul Ball, location: 2F 0-1: Swinging Strike 0-2: Fly out, F7 (Line Drive, 7, EV 93.1 MPH)
|
|
Batting: LHB Jonathan Arauz
|
0-0: Called Strike 0-1: SINGLE (Line Drive, 7S, EV 93.8 MPH) Tim McDaniel to second
|
|
Batting: RHB Shawn Grimes
|
0-0: Ball 1-0: Called Strike 1-1: Called Strike 1-2: Ball 2-2: Strikes out swinging
|
| Top of the 4th over - 0 runs, 1 hit, 0 errors, 2 left on base; San Diego 9 - Miami 1 |
| BOTTOM OF THE 4TH |
|
Miami Marlins batting - Pitching for San Diego Padres : RHP Ben Burke
|
|
Batting: LHB Daryl Hatfield
|
0-0: Called Strike 0-1: Called Strike 0-2: Foul Ball, location: 9LSF 0-2: Ball 1-2: Fly out, F8 (Flyball, 8RM, EV 78.1 MPH)
|
|
Batting: SHB Bob MacKerchar
|
0-0: Fly out, F7 (Flyball, 7S, EV 79.4 MPH)
|
|
Batting: RHB Milton Ramos
|
0-0: Ball 1-0: Reached on error, E1 (Groundball, 34S, EV 76.9 MPH)
|
|
Batting: RHB Dusty Lawrence
|
0-0: Foul Ball, location: 7LMF 0-1: Foul Ball, location: 2F 0-2: Strikes out looking
|
| Bottom of the 4th over - 0 runs, 0 hits, 1 error, 1 left on base; San Diego 9 - Miami 1 |
| TOP OF THE 5TH |
|
San Diego Padres batting - Pitching for Miami Marlins : RHP Dan Reynolds
|
|
Batting: RHB Jorge Gordon
|
0-0: Ball 1-0: SINGLE (Line Drive, 7S, EV 86.9 MPH)
|
|
Batting: RHB Steve Farrar
|
0-0: Ball 1-0: Swinging Strike 1-1: Foul Ball, location: 2F 1-2: Grounds into double play, 3-6-3 (Groundball, 34, EV 83.8 MPH)
|
|
Batting: RHB Michael Choice
|
0-0: Foul Ball, location: 25FF 0-1: Ball 1-1: Swinging Strike 1-2: Ground out 4-3 (Groundball, 4M, EV 89.4 MPH)
|
| Top of the 5th over - 0 runs, 1 hit, 0 errors, 0 left on base; San Diego 9 - Miami 1 |
| BOTTOM OF THE 5TH |
|
Miami Marlins batting - Pitching for San Diego Padres : RHP Ben Burke
|
|
Batting: RHB Rainis Silva
|
0-0: Ball 1-0: Foul Ball, location: 2LF 1-1: Ground out 3-1 (Groundball, 34S, EV 83.1 MPH)
|
|
Batting: RHB Edgardo Franco
|
0-0: Ball 1-0: Called Strike 1-1: Ball 2-1: Ball 3-1: Foul Ball, location: 9LMF 3-2: Foul Ball, location: 2F 3-2: Base on Balls
|
|
Batting: RHB Kurt Daniel
|
0-0: Ball Edgardo Franco is caught stealing 2nd base 2-4 1-0: Ball 2-0: Foul Ball, location: 23F 2-1: Foul Ball, location: 3F 2-2: DOUBLE (Flyball, 9LD, EV 98.1 MPH)
|
|
Batting: LHB Alan O'Keefe
|
0-0: Ball 1-0: Foul Ball, location: 2RF 1-1: Called Strike 1-2: Ground out 5-3 (Groundball, 5, EV 107.5 MPH)
|
| Bottom of the 5th over - 0 runs, 1 hit, 0 errors, 1 left on base; San Diego 9 - Miami 1 |
| TOP OF THE 6TH |
|
San Diego Padres batting - Pitching for Miami Marlins : RHP Dan Reynolds
|
|
Pitching: RHP José Domínguez
|
|
|
Batting: LHB Jeff Young
|
0-0: Ball 1-0: Called Strike 1-1: Foul Ball, location: 7LDF 1-2: Ball 2-2: DOUBLE (Flyball, 89D, EV 107.5 MPH)
|
|
Batting: LHB Jamal Underwood
|
0-0: Ball 1-0: SINGLE (Line Drive, 89S, EV 97.5 MPH) Jeff Young to third Runner from 3rd tries for Home, SAFE, throw by RF to home
|
|
Batting: SHB Tim McDaniel
|
0-0: Ball Wild Pitch! Jamal Underwood to second 1-0: Ball 2-0: Ball 3-0: Called Strike 3-1: Ground out 4-3 (Groundball, 4, EV 101.9 MPH) Jamal Underwood to third
|
|
Batting: RHB Greg Nelson
|
0-0: Ball 1-0: Ball 2-0: Called Strike 2-1: Ball 3-1: Foul Ball, location: 3SF 3-2: Ground out 4-3 (Groundball, 4, EV 85.0 MPH) Jamal Underwood scores
|
|
Batting: LHB Jonathan Arauz
|
0-0: Swinging Strike 0-1: Ball 1-1: Ball 2-1: Ball 3-1: Ground out 6-3 (Groundball, 6, EV 83.1 MPH)
|
| Top of the 6th over - 2 runs, 2 hits, 0 errors, 0 left on base; San Diego 11 - Miami 1 |
| BOTTOM OF THE 6TH |
|
Miami Marlins batting - Pitching for San Diego Padres : RHP Ben Burke
|
|
Batting: RHB Sam Jones
|
0-0: Called Strike 0-1: Ball 1-1: Ball 2-1: Swinging Strike 2-2: SINGLE (Groundball, 4MD, EV 103.1 MPH)
|
|
Pitching: LHP Josh Hader
|
|
|
Batting: LHB Daryl Hatfield
|
0-0: Swinging Strike 0-1: Foul Ball, location: 2F 0-2: Ball 1-2: Foul Ball, location: 2F 1-2: Fly out, F4 (Line Drive, 4M, EV 71.3 MPH)
|
|
Batting: SHB Bob MacKerchar
|
0-0: Called Strike 0-1: Foul Ball, location: 9LDF 0-2: Foul Ball, location: 25F 0-2: Fly out, F9 (Flyball, 9D, EV 89.4 MPH)
|
|
Batting: RHB Milton Ramos
|
0-0: Ball 1-0: Ball 2-0: Called Strike 2-1: Foul Ball, location: 9LDF 2-2: Ball 3-2: Foul Ball, location: 2F 3-2: Fly out, F6 (Line Drive, 6, EV 70.0 MPH)
|
| Bottom of the 6th over - 0 runs, 1 hit, 0 errors, 1 left on base; San Diego 11 - Miami 1 |
| TOP OF THE 7TH |
|
San Diego Padres batting - Pitching for Miami Marlins : RHP José Domínguez
|
|
Pitching: RHP Andres Arteaga
|
|
|
Batting: RHB Shawn Grimes
|
0-0: Foul Ball, location: 2F 0-1: Called Strike 0-2: Ball 1-2: Foul Ball, location: 25F 1-2: Ball 2-2: Ball 3-2: Foul Ball, location: 25F 3-2: Ground out U3 (Groundball, 3, EV 91.3 MPH)
|
|
Batting: RHB Jorge Gordon
|
0-0: Called Strike 0-1: Ball 1-1: Ball 2-1: Foul Ball, location: 23F 2-2: Ball 3-2: Base on Balls
|
|
Batting: RHB Steve Farrar
|
0-0: Ball 1-0: Foul Ball, location: 2F 1-1: Fly out, F4 (Line Drive, 4D, EV 69.4 MPH)
|
|
Batting: RHB Michael Choice
|
0-0: Ball 1-0: Called Strike 1-1: Ball 2-1: Foul Ball, location: 7LMF 2-2: Foul Ball, location: 2LF 2-2: Ball 3-2: Strikes out swinging
|
| Top of the 7th over - 0 runs, 0 hits, 0 errors, 1 left on base; San Diego 11 - Miami 1 |
| BOTTOM OF THE 7TH |
|
Miami Marlins batting - Pitching for San Diego Padres : LHP Josh Hader
|
|
Batting: RHB Dusty Lawrence
|
0-0: Fly out, F7 (Flyball, 7, EV 96.3 MPH)
|
|
Batting: RHB Rainis Silva
|
0-0: Fly out, F7 (Flyball, 7D, EV 111.3 MPH)
|
|
Batting: RHB Edgardo Franco
|
0-0: Ball 1-0: Ball 2-0: Ball 3-0: Base on Balls
|
|
Batting: RHB Kurt Daniel
|
0-0: Ball 1-0: Foul Ball, location: 5FF 1-1: Called Strike Edgardo Franco steals 2nd base (no throw) 1-2: Strikes out swinging
|
| Bottom of the 7th over - 0 runs, 0 hits, 0 errors, 1 left on base; San Diego 11 - Miami 1 |
| TOP OF THE 8TH |
|
San Diego Padres batting - Pitching for Miami Marlins : RHP Andres Arteaga
|
|
Pitching: LHP Robby Parkinson
|
|
|
Batting: LHB Jeff Young
|
0-0: Ball 1-0: Ball 2-0: Ground out U3 (Groundball, 34, EV 103.1 MPH)
|
|
Batting: LHB Jamal Underwood
|
0-0: Called Strike 0-1: Foul Ball, location: 2F 0-2: Ground out 4-3 (Groundball, 4, EV 106.3 MPH)
|
|
Batting: SHB Tim McDaniel
|
0-0: Called Strike 0-1: Ball 1-1: Ball 2-1: Ball 3-1: Ground out 6-3 (Groundball, 6, EV 79.4 MPH)
|
| Top of the 8th over - 0 runs, 0 hits, 0 errors, 0 left on base; San Diego 11 - Miami 1 |
| BOTTOM OF THE 8TH |
|
Miami Marlins batting - Pitching for San Diego Padres : LHP Josh Hader
|
|
Pitching: RHP Sam Scott
|
|
|
Batting: LHB Alan O'Keefe
|
0-0: Fly out, F4 (Line Drive, 4, EV 66.3 MPH)
|
|
Batting: RHB Sam Jones
|
0-0: Swinging Strike 0-1: Foul Ball, location: 9LMF 0-2: Ball 1-2: SINGLE (Line Drive, 6MD, EV 95.6 MPH)
|
|
Batting: LHB Daryl Hatfield
|
0-0: Ball 1-0: Called Strike 1-1: Called Strike 1-2: Ball 2-2: Strikes out swinging
|
|
Batting: SHB Bob MacKerchar
|
0-0: Swinging Strike 0-1: Called Strike 0-2: Ball 1-2: Ball 2-2: Ball 3-2: Foul Ball, location: 2F 3-2: Foul Ball, location: 7LMF 3-2: Base on Balls Sam Jones to second
|
|
Batting: RHB Milton Ramos
|
0-0: Ball 1-0: Foul Ball, location: 3FF 1-1: SINGLE (Line Drive, 7LS, EV 95.6 MPH) Sam Jones to third Bob MacKerchar to second
|
|
Pinch Hitting: RHB Kurt Newton
|
0-0: Fly out, F8 (Line Drive, 8LS, EV 86.9 MPH)
|
| Bottom of the 8th over - 0 runs, 2 hits, 0 errors, 3 left on base; San Diego 11 - Miami 1 |
| TOP OF THE 9TH |
|
San Diego Padres batting - Pitching for Miami Marlins : LHP Robby Parkinson
|
|
Now in CF: Daryl Hatfield
|
|
|
Now in RF: Kurt Newton
|
|
|
Batting: RHB Greg Nelson
|
0-0: Ball 1-0: Ball 2-0: Ball 3-0: Called Strike 3-1: Fly out, F7 (Flyball, 78M, EV 85.0 MPH)
|
|
Batting: LHB Jonathan Arauz
|
0-0: Swinging Strike 0-1: Ball 1-1: Foul Ball, location: 9LMF 1-2: Strikes out looking
|
|
Batting: RHB Shawn Grimes
|
0-0: Called Strike 0-1: Foul Ball, location: 9LDF 0-2: Ball 1-2: Foul Ball, location: 2F 1-2: Foul Ball, location: 2F 1-2: Foul Ball, location: 9LMF 1-2: Foul Ball, location: 9LDF 1-2: Foul Ball, location: 2F 1-2: Ball 2-2: Foul Ball, location: 7LDF 2-2: Ball 3-2: SINGLE (Flyball, 8RS, EV 93.1 MPH)
|
|
Pitching: LHP António Mireles
|
|
|
Batting: RHB Jorge Gordon
|
0-0: SINGLE (Line Drive, 8RS, EV 103.1 MPH) Shawn Grimes to second
|
|
Batting: RHB Steve Farrar
|
0-0: Ground out U3 (Groundball, 23, EV 77.5 MPH)
|
| Top of the 9th over - 0 runs, 2 hits, 0 errors, 2 left on base; San Diego 11 - Miami 1 |
| BOTTOM OF THE 9TH |
|
Miami Marlins batting - Pitching for San Diego Padres : RHP Sam Scott
|
|
Batting: RHB Rainis Silva
|
0-0: Swinging Strike 0-1: Ball 1-1: Swinging Strike 1-2: Foul Ball, location: 3F 1-2: Strikes out swinging
|
|
Batting: RHB Edgardo Franco
|
0-0: Called Strike 0-1: Ball 1-1: Called Strike 1-2: Ground out U3 (Groundball, 3L, EV 95.6 MPH)
|
|
Batting: RHB Kurt Daniel
|
0-0: Called Strike 0-1: Ball 1-1: SINGLE (Groundball, 6MD, EV 94.4 MPH)
|
|
Batting: LHB Alan O'Keefe
|
0-0: Ball 1-0: Ball 2-0: Called Strike 2-1: Ball 3-1: Base on Balls Kurt Daniel to second
|
|
Pitching: RHP Craig Kimbrel
|
|
|
Batting: RHB Sam Jones
|
0-0: Foul Ball, location: 5F 0-1: Called Strike 0-2: Ball 1-2: Strikes out swinging
|
| Bottom of the 9th over - 0 runs, 1 hit, 0 errors, 2 left on base; San Diego 11 - Miami 1 |
|